Cogmind - Beta 12 @@@ ROGUE MODE // 2023.03.05 @ 11:27:12 Player: Neville Result: Destroyed by G-47 Trooper with Particle Gun Performance ------------- Evolutions (0) 0 Regions Visited (2) 400 Robots Destroyed (17) 85 Value Destroyed (379) 379 Prototype IDs (0) 0 Alien Tech Used (0) 0 Bonus (0) 0 TOTAL SCORE: 864 Bonus ------- None Cogmind --------- Core Integrity 0/250 Matter 248/300 Energy 10/100 System Corruption 2% Temperature Warm (156) Movement Core (50) Location -10/Mines Parts ------- > --- POWER (1) -------- (None) > --- PROPULSION (2) --- (None) > --- UTILITY (2) ------ (None) > --- WEAPON (2) ------- EM Shotgun > --- INVENTORY (5) ---- Small Laser Assault Rifle Datajack Peak State ------------ > --- POWER ------------ Light Ion Engine > --- PROPULSION ------- Wheel Wheel > --- UTILITY ---------- Small Storage Unit Light Armor Plating > --- WEAPON ----------- EM Shotgun Particle Cannon > --- INVENTORY -------- Small Laser Assault Rifle Grenade Launcher Datajack [Rating: 9] Favorites ----------- Power Light Ion Engine Engine Light Ion Engine Propulsion Wheel Wheel Wheel Utility Small Storage Unit Storage Small Storage Unit Protection Light Armor Plating Weapon Particle Cannon Energy Gun EM Shotgun Energy Cannon Particle Cannon Ballistic Gun Assault Rifle Launcher Grenade Launcher Build | -11 -10 -10 ------- Run | Jun Mat Min Slots Evolved . | . . . Power . | . . . Propulsion . | . . . Utility . | . . . Weapon . | . . . Parts Attached 16 | 6 5 5 Power 1 | 1 . . Engine 1 | 1 . . Core . | . . . Reactor . | . . . Propulsion 2 | 2 . . Treads . | . . . Leg . | . . . Wheel 2 | 2 . . Hover . | . . . Flight . | . . . Utility 2 | 1 1 . Device . | . . . Storage 1 | 1 . . Processor . | . . . Hackware . | . . . Protection 1 | . 1 . Artifact . | . . . Weapon 11 | 2 4 5 Energy Gun 3 | 1 1 1 Energy Cannon 2 | . 1 1 Ballistic Gun 1 | 1 . . Ballistic Cannon . | . . . Launcher 5 | . 2 3 Special Weapon . | . . . Impact Weapon . | . . . Slashing Weapon . | . . . Piercing Weapon . | . . . Special Melee Weapon . | . . . Unidentified Prototypes . | . . . Parts Lost 9 | . . 9 Power 1 | . . 1 Propulsion 2 | . . 2 Utility 2 | . . 2 Weapon 4 | . . 4 Highest Loss Streak 5 | . . 5 To Critical Strikes . | . . . Average Slot Usage (%) 63 | . 95 50 Engine 5 | . 14 2 Wheel 11 | . 28 5 Storage 13 | . 14 13 Protection 4 | . 9 2 Energy Gun 3 | . 4 2 Energy Cannon 10 | . 3 13 Ballistic Gun 3 | . 10 . Launcher 10 | . 9 10 Naked Turns . | . . . Heaviest Build 18 | 11 18 18 Greatest Support 20 | 20 20 20 Greatest Overweight (x) 4 | 3 . 4 Average Overweight (x) 1 | 1 . 2 Largest Inventory Capacity 8 | 8 8 8 Average Capacity 7 | 7 8 7 Most Carried 7 | 1 7 6 Average Carried 4 | . 2 5 Final Capacity 8 | 8 8 5 Final Carried 6 | . 6 3 Class Distribution -------------------- 100% | Mutant Dominant Class ---------------- Mutant | -10/Materials Mutant | -10/Mines Resources | -11 -10 -10 ----------- Run | Jun Mat Min Matter Collected 502 | 206 175 121 Remotely . | . . . Salvage Created 538 | . 261 277 Parts 24 | . 16 8 Haulers Intercepted . | . . . Recyclers Shooed . | . . . Parts Field Recycled . | . . . Retrieved Matter . | . . . Parts Self-Destructed . | . . . Prevented . | . . . Kills | -11 -10 -10 ------- Run | Jun Mat Min Combat Hostiles Destroyed 13 | . 6 7 Guns 6 | . 3 3 Cannons 2 | . . 2 AOE 5 | . 3 2 Classes Destroyed 6 | . 5 1 Recycler 2 | . 1 1 Operator 1 | . 1 . Watcher 1 | . 1 . Swarmer 6 | . 3 3 Grunt 6 | . 3 3 Sentry 1 | . . 1 Best Kill Streak 5 | . 5 3 Combat Bots Only 3 | . 3 3 Max Kills in Single Turn 4 | . 4 2 Gunslinging . | . . . Exploded 3 | . 3 1 Melee . | . . . Uniques/NPCs Destroyed . | . . . Combat | -11 -10 -10 -------- Run | Jun Mat Min Damage Taken 1051 | . 179 872 Core 254 | . 7 247 Absorbed by Shields . | . . . Core Remaining (%) 100 | 100 . . Volleys Fired 52 | . 24 28 Largest 2 | . 2 2 Hottest 113 | . 50 113 Shots Fired 71 | . 29 42 Gun 34 | . 24 10 Cannon 23 | . . 23 Launcher 14 | . 5 9 Special . | . . . Kinetic 24 | . 24 . Thermal 23 | . . 23 Explosive 14 | . 5 9 Electromagnetic 10 | . . 10 Robot Hit Streak 7 | . 7 5 Robot Miss Streak 5 | . 3 5 Penetration Max . | . . . Secondary Targets . | . . . Shots Hit Robots 51 | . 21 30 Core Hits 29 | . 14 15 Critical Kills . | . . . Critical Parts Destroyed 1 | . 1 . Critical Strikes 1 | . 1 . Destroy 1 | . 1 . Melee Attacks . | . . . Impact . | . . . Slashing . | . . . Piercing . | . . . Sneak Attacks . | . . . Combat Hostiles . | . . . Follow-up Attacks . | . . . Damage Inflicted 1434 | . 487 947 Guns 326 | . 212 114 Cannons 328 | . . 328 Explosions 766 | . 261 505 Melee . | . . . Ramming 14 | . 14 . Kinetic 212 | . 212 . Thermal 328 | . . 328 Explosive 766 | . 261 505 Electromagnetic 114 | . . 114 Impact . | . . . Slashing . | . . . Piercing . | . . . Highest Corruption 2 | . . 2 Average Corruption 2 | . . 2 Corruption Purged . | . . . Corruption Blocked . | . . . Effects 1 | . . 1 Parts Rejected 1 | . . 1 Overload Shots . | . . . Overflow Damage 93 | . 3 90 Projectiles 18 | . . 18 Explosions 75 | . 3 72 Melee . | . . . Knockbacks . | . . . Impact . | . . . Kinetic . | . . . Secondary . | . . . Self-Inflicted Damage 210 | . 39 171 Shots 10 | . 1 9 Rammed 1 | . 1 . Targets Rammed 1 | . 1 . Kicked . | . . . Crushed . | . . . Highest Temperature 308 | . . 308 Average Temperature 105 | . . 105 Received Heat Transfer 351 | . 75 276 Siege Activations . | . . . Robots Corrupted . | . . . Combat Hostiles . | . . . Parts Fried . | . . . Impact Corruptions . | . . . Robots Melted . | . . . Combat Hostiles . | . . . Parts Melted . | . . . Heat Transferred 592 | . . 592 Parts Sabotaged . | . . . Parts Stolen . | . . . Parts Stripped . | . . . Power Chain Reactions . | . . . Missiles Intercepted . | . . . Alert | -11 -10 -10 ------- Run | Jun Mat Min Peak Influence 224 | . 224 187 Initial 87 | . . 87 Average 124 | . 134 137 Maximum Alert Level 1 | . 1 . Low Security (%) 90 | 100 63 100 Level 1 9 | . 36 . Level 2 . | . . . Level 3 . | . . . Level 4 . | . . . Level 5 . | . . . High Security . | . . . Max Security . | . . . Squads Dispatched 1 | . 1 . Investigation 1 | . 1 . Extermination . | . . . Reinforcement . | . . . Assault . | . . . Garrison . | . . . Intercept . | . . . Searches Triggered . | . . . Construction Impeded . | . . . Haulers Reinforced . | . . . Active Scanning Responses . | . . . Cargo Convoy Interrupts . | . . . Stealth | -11 -10 -10 --------- Run | Jun Mat Min Distress Signals 1 | . 1 . Communications Jammed . | . . . Distress Signals . | . . . Times Spotted 15 | . 6 9 Peak Tracking Total 4 | . 4 4 Tactical Retreats . | . . . Traps | -11 -10 -10 ------- Run | Jun Mat Min Traps Triggered . | . . . Indirectly . | . . . Trap Hack Attempts . | . . . Triggered . | . . . Disarmed . | . . . Reprogrammed . | . . . Reused . | . . . Traps Extracted . | . . . Installed . | . . . Triggered . | . . . Machines | -11 -10 -10 ---------- Run | Jun Mat Min Machines Disabled 2 | . . 2 Max in Single Turn 2 | . . 2 Machines Repaired . | . . . Machines Sabotaged . | . . . Overloaded Fab Kills . | . . . Hacking | -11 -10 -10 --------- Run | Jun Mat Min Machines Accessed 4 | . 4 . Terminals 4 | . 4 . Fabricators . | . . . Repair Stations . | . . . Recycling Units . | . . . Scanalyzers . | . . . Garrison Access . | . . . Total Hacks 11 | . 11 . Successful 9 | . 9 . Failed 2 | . 2 . Catastrophic . | . . . Database Lockouts . | . . . Manual . | . . . Terminals 11 | . 11 . Fabricators . | . . . Repair Stations . | . . . Recycling Units . | . . . Scanalyzers . | . . . Garrison Access . | . . . Terminal Hacks 9 | . 9 . Record 8 | . 8 . Dispatch Records 1 | . 1 . Fabricator Hacks . | . . . Repair Station Hacks . | . . . Recycling Unit Hacks . | . . . Scanalyzer . | . . . Garrison Access Hacks . | . . . Unauthorized Hacks . | . . . Terminals . | . . . Fabricators . | . . . Repair Stations . | . . . Recycling Units . | . . . Scanalyzers . | . . . Garrison Access . | . . . Data Cores Recovered 1 | . 1 . Used 1 | . 1 . Hacking Detections 3 | . 3 . Full Trace Events 2 | . 2 . Feedback Events . | . . . Feedback Blocked . | . . . Robot Schematics Acquired . | . . . Robots Built . | . . . Authchips . | . . . Time . | . . . Total Robot Build Rating . | . . . Part Schematics Acquired . | . . . Parts Built . | . . . Authchips . | . . . Time . | . . . Total Part Build Rating . | . . . Parts Repaired . | . . . Time . | . . . Parts Recycled . | . . . Recycled Matter . | . . . Retrieved Matter . | . . . Retrieved Components . | . . . Parts Scanalyzed . | . . . Part Schematics Acquired . | . . . Parts Damaged . | . . . Bothacking | -11 -10 -10 ------------ Run | Jun Mat Min Used RIF Installer . | . . . Robots Hacked . | . . . Non-combat . | . . . Combat . | . . . Robot Hacks Applied . | . . . Relay Couplers Released . | . . . Fabnet Peak Effective % . | . . . Robots Rewired . | . . . Allies Hacked . | . . . Hacks Repelled . | . . . Allies | -11 -10 -10 -------- Run | Jun Mat Min Total Allies . | . . . Largest Group . | . . . Highest-Rated Group . | . . . Highest-Rated Ally . | . . . Total Orders . | . . . Ally Attacks . | . . . Total Damage . | . . . Kills . | . . . Allies Corrupted . | . . . Allies Melted . | . . . Intel | -11 -10 -10 ------- Run | Jun Mat Min Robot Analysis Total . | . . . Derelict Logs Recovered . | . . . Drone Launches . | . . . Drone Recoveries . | . . . Exploration | -11 -10 -10 ------------- Run | Jun Mat Min Turns Passed 860 | 78 228 554 Spaces Moved 513 | 49 197 267 Core 217 | 39 . 178 Treads . | . . . Legs . | . . . Wheels 296 | 10 197 89 Hover . | . . . Flight . | . . . Fastest Speed 50 | 50 80 80 Average Speed 136 | 134 80 179 Slowest Speed 250 | 200 80 250 Overloaded Moves . | . . . Propulsion Burnouts . | . . . Robots Hopped . | . . . Cave-ins Triggered 1 | . . 1 Exploration Rate (%) 35 | 4 36 67 Regions Visited 2 Branch Regions 1 Pre-discovered Areas . | . . . Known Exits Taken . | . . . Unknown Exits Taken 2 | 1 1 . Scrap Searched . | . . . Spaces Dug . | . . . Terrain Destroyed 120 | . 39 81 Melee . | . . . Projectile 2 | . . 2 AOE 118 | . 39 79 Terrain Rammed . | . . . Walls Destroyed . | . . . Machines Disabled . | . . . Actions | -11 -10 -10 --------- Run | Jun Mat Min Total 598 | 60 237 301 Wait . | . . . Move 511 | 48 196 267 Hop . | . . . Pick Up 16 | 6 9 1 Fast Attach . | . . . Attach 11 | 6 1 4 Detach . | . . . Swap 5 | . 4 1 Drop 2 | . 2 . Fire 52 | . 24 28 Melee . | . . . Ram 1 | . 1 . Kick . | . . . Crush . | . . . Escape Stasis . | . . . Rewire . | . . . Trap . | . . . Miscellaneous . | . . . Route ------- -11/Junkyard -10/Materials -10/Mines (discovered 1 exit: [*Mat]) History --------- Turn | Location | Event 17 | -11/Junkyard | Discovered new exit (range 16) 79 | -11/Junkyard | Entered Materials 298 | -10/Materials | Discovered new exit (range 12) 305 | -10/Materials | Build established: Mutant 307 | -10/Materials | Entered Mines 436 | -10/Mines | Lost 5 parts (1p2n1u1w) 549 | -10/Mines | Received a Rocket Launcher from a helpful Derelict 844 | -10/Mines | Core integrity fell below 50% 849 | -10/Mines | Crushed by falling debris 849 | -10/Mines | Discovered new exit (range 10) 850 | -10/Mines | Core integrity fell below 20% 861 | -10/Mines | Destroyed by G-47 Trooper with Particle Gun Last Messages --------------- [Achievement: Let's See Who's Tougher] Important note for Steam players: Cogmind player global achievement rates displayed by Steam are all significantly underreported, in some cases by a huge margin, due to how they are calculated by Valve. 00830_ Y-45 Defender destroyed. 00830_ Machine disabled. 00833_ Rocket Launcher destroyed. 00833_ Destroyed Rocket Launcher. 00835_ Y-45 Defender destroyed. 00839_ The unstable cave ceiling collapses. 00841_ Particle Cannon destroyed. 00845_ Grenade Launcher destroyed. 00845_ Destroyed Grenade Launcher. 00849_ The unstable cave ceiling collapses. 00849_ Crushed by falling debris. 00849_ Sml. Storage Unit destroyed. 00849_ System corrupted by crushing effect (+2). 00849_ EXIT=FOUND 00856_ System corrupted: Particle Cannon rejected. 00861_ G-34 Mercenary destroyed. Map ----- +----------------------------------------------------+ | ??# #?????????###????????# ##?????????? | | ??# ######???????????????# #### # #??????????? | | ??# #??######???????# #??##### #?###??????? | | ??## ### #?## ##???#### #????### ## ##?????? | | ???# #?# ### #### #### #???## # #?????? | | ???# #?# %= ## ????## ##????? | | ???# #?#### ## ####### #????? | | ???# #????## ### ## #????? | | ???# #?????## ## #?# #### #????? | | ???# #??????## ##?# #??## %= ##????? | | ???# #???????## # ##??? #???# [* ##?????? | | ?### #????????####### #???? #???# ## #??????? | | ?# #??????????????# ##### #???## ##? #??????? | | ?# ###??????????????# #????#####?? #??????? | | ?# #????????????????# #### ##???????????#??????? | | ?# #????????????????# ##### ##?????????????????? | | ?# #????????????????# ## ##????????????????? | | ?# #????????????????##### ## ##???????????????? | | ?# #?????????????????### ##??????????????? | | ?# #????????????????## ##?????????????? | | ?# #????????????????# % ##????????????? | | ?# #????????????????# ! ## #?????????? | | ?# #????????????????#!! *% #?????????? | | ## #????????????????# # #####?????????? | | # ###??????????????# # #?????????????? | | ##?????????????## @ #?????????????? | | ##????????????# % #????????????? | | ##???????? g #### #???????????? | | #????? < #???? #???????????? | | ## ##????# #### ##????? ##???????????? | | ########?????# ????### ###???????#????????????? | | ?????????????# ""???????###??????????????????????? | | ?????????????# ??????????????????????????????????? | | ?????????????????????????????????????????????????? | | ?????????????????????????????????????????????????? | | ?????????????????????????????????????????????????? | | ?????????????????????????????????????????????????? | | ?????????????????????????????????????????????????? | | | | | | | | | | | | | | | | | | | | | | | | | +----------------------------------------------------+ Best States ------------- Heat Dissipation 25 Energy Generation 10 Energy Capacity 125 Matter Stores 300 Matter Capacity 300 Sight Range 16 Terrain Scan Density 10 Armor Coverage 150 Evasion (%) 50 Item Schematics ----------------- None Robot Schematics ------------------ None Fabricated ------------ Nothing Alien Tech Used ----------------- None Achievements -------------- Dynamic Key Let's See Who's Tougher Challenges ------------ None Game ------ Seed HackingRefineryShredder Manual? 0 Play Time 00:29:11 Cumulative 4.1 hours Start 2023.03.05 @ 10:58:24 End 2023.03.05 @ 11:27:12 Sessions 1 Manual Loads 0 Difficulty Rogue Special Mode None Game No. 7 Rogue 7 Adventurer 0 Explorer 0 Win Type - Total 0 Types 0/0/0/0/0/0/0/0/0 Lore% 0 Gallery% 4 Achievement% 5 Wizard Run 0 Options --------- ASCII 1 Keyboard 0 Movement Arrows Keybinds 0 Fullscreen 1 Font 12/Terminus Map View 76x56 Tactical HUD 1 Map Filters NONE Filters NONE Steam 1 RUN: 55893bd1-ba55-48f6-a4df-5cf96a30ebdd